[Event "CCC-IM 2022"]
[Site "Ballerup"]
[Date "2022.05.25"]
[Round "1.1"]
[White "Sahl, Bjarke"]
[Black "Kenneskog, Theodor"]
[Result "1/2-1/2"]
[ECO "B92"]
[WhiteElo "2312"]
[BlackElo "2296"]
[Annotator "TA"]
[PlyCount "120"]
[EventDate "2022.05.25"]
[EventType "tourn"]
[EventCountry "DEN"]
[SourceTitle "playchess.com"]
[Source "ChessBase"]
[SourceQuality "1"]
[TimeControl "5400+30"]

1. e4 c5 2. Nf3 d6 3. d4 cxd4 4. Nxd4 Nf6 5. Nc3 a6 6. Be2 e5 7. Nb3 Be7 8. f4 O-O 9. O-O b5 10. Kh1 Bb7 11. Bf3 Nbd7 12. a3 Rc8 13. Qe2 Re8 14. Bd2 {[%emt 0:09:23] B92: Sicilian Najdorf: 6 Be2.} Bf8 15. Rad1 ({White should play} 15. fxe5 $1 $15 Nxe5 16. Bg5) 15... Qc7 (15... d5 $142 $1 16. Qf2 dxe4) 16. Rfe1 {[%emt 0:15:10] Black is better.} exf4 17. Bxf4 Ne5 18. Bg5 Nfd7 {[%emt 0:01:35][%cal Bf6d7,Bd7e5,Be5c4,Bc4a3][%mdl 32] [#]} 19. Bg4 $146 ({Predecessor:} 19. Nd2 g6 20. Be3 Bg7 21. Bd4 Nc5 22. Qf2 Ne6 23. Bb6 {½-½ (78) Kaza,P (2149)-Grapsa,G (2104) Athens 2003}) 19... Nxg4 20. Qxg4 Ne5 21. Qg3 (21. Qh4 $17) 21... Nc4 $1 $19 22. Bc1 {[%emt 0:07:21] [#]} Nxa3 $1 23. Nd4 g6 24. Bd2 (24. Rf1 $17 {keeps fighting.}) 24... Nc4 25. Bc1 Bg7 26. Nd5 Bxd5 27. exd5 Nb6 28. c3 Rxe1+ (28... Nxd5 $2 29. Nf3 Rxe1+ 30. Qxe1) 29. Qxe1 Qd7 ({Don't blunder} 29... Nxd5 $2 30. Ne6 Qe7 31. Nxg7 Qxe1+ 32. Rxe1 Kxg7 33. Rd1) 30. Nf3 Re8 31. Qf2 Qb7 32. Bf4 Rd8 ({Weaker is} 32... Nxd5 33. Bxd6 Nf6 34. Bc5 $17) (32... Bf8 $19 33. Qg3 Na4) 33. Qh4 f6 34. Be3 Nc4 ({Resist} 34... Nxd5 35. Qe4 $18) 35. Bc1 Re8 36. b3 Ne5 37. Nxe5 Rxe5 38. c4 bxc4 39. Qxc4 {[%emt 0:00:09] [#]} Qb5 $2 (39... f5 $1 $17 {...Re4 is the strong threat.} 40. Rg1 Qxd5 41. Qc8+ Kf7 42. Qxa6 Re4 43. Qa7+ Re7) 40. Bf4 Qxc4 41. bxc4 $15 {[%emt 0:00:05][%mdl 4096] Endgame KRB-KRB} Re4 42. Bxd6 Rxc4 43. Be7 {[%emt 0:00:32] Threatens to win with d6.} Rc7 44. d6 Rd7 45. Ra1 Kf7 46. Rxa6 Bf8 47. Bxf8 Kxf8 $11 {[%emt 0:00:05] KR-KR} 48. h4 Kf7 49. g4 Ke6 50. Kg2 Rxd6 51. Ra7 Rd7 52. Ra5 Rd4 53. Kf3 h6 54. Ra6+ Ke5 55. Ra5+ Rd5 56. Ra3 h5 57. Re3+ Kd6 58. gxh5 Rxh5 {[%emt 0:00:12] White must now prevent ...g5.} 59. Re4 $1 Rf5+ 60. Kg3 Rh5 {[%emt 0:01:37] Whites escaped into a draw.  Weighted Error Value: White=0.13 (very precise) /Black=0.15 (very precise)} 1/2-1/2

[Event "CCC-IM 2022"]
[Site "Ballerup"]
[Date "2022.05.25"]
[Round "1.2"]
[White "Kistrup, Nicolai"]
[Black "Brynell, Stellan"]
[Result "1-0"]
[ECO "E04"]
[WhiteElo "2306"]
[BlackElo "2401"]
[Annotator "TA"]
[PlyCount "43"]
[EventDate "2022.05.25"]
[EventType "tourn"]
[EventCountry "DEN"]
[SourceTitle "playchess.com"]
[Source "ChessBase"]
[SourceQuality "1"]
[TimeControl "5400+30"]

1. d4 Nf6 2. c4 e6 3. g3 d5 4. Bg2 dxc4 5. Nf3 c5 6. Qa4+ Bd7 7. Qxc4 Bc6 8. dxc5 Nbd7 9. Be3 {[%emt 0:14:57] E04: Open Catalan: 5 Nf3.} Rc8 (9... Bd5 $5 10. Qa4 Bc6 $11) 10. Nc3 {[%emt 0:19:58] [#]} b6 $146 ({Predecessor:} 10... Bxc5 11. Bxc5 Bxf3 12. Bxf3 Rxc5 13. Qb4 b6 14. Na4 Rc7 15. Qd6 Nb8 16. Qf4 O-O {1-0 (64) Balog,I (2578)-Harikrishna,P (2725) Chess.com INT 2021}) 11. Rd1 {[%emt 0:13:15] White has an edge.} Bxc5 12. Bxc5 bxc5 13. O-O Qb6 14. b3 Qb4 15. Nd2 Bxg2 (15... Ne5 {seems wilder.} 16. Qa6 O-O 17. Rc1 Bxg2 18. Kxg2 Nd5) 16. Kxg2 Nb6 (16... Ne5 {is interesting.} 17. Qa6 O-O 18. Rc1 Nd5) 17. Qd3 (17. Qb5+ {with more complications.} Ke7 18. Qa6 Rhd8 19. Ncb1) 17... O-O 18. Nce4 Nxe4 19. Nxe4 h6 {[%emt 0:01:10] Inhibits Ng5.} 20. Qf3 Rc7 21. Nd6 a5 $2 {[%emt 0:01:47][%mdl 8192] [#]} (21... c4 $11 {and Black is okay.}) 22. a3 $1 {[%emt 0:00:49] Weighted Error Value: White=0.08 (flawless) /Black=0.57} 1-0

[Event "CCC-IM 2022"]
[Site "Ballerup"]
[Date "2022.05.25"]
[Round "1.3"]
[White "Nielsen, Thomas Bach"]
[Black "Casper Yukun Liu"]
[Result "0-1"]
[ECO "D10"]
[WhiteElo "2189"]
[BlackElo "2218"]
[Annotator "TA"]
[PlyCount "68"]
[EventDate "2022.05.25"]
[EventType "tourn"]
[EventCountry "DEN"]
[SourceTitle "playchess.com"]
[Source "ChessBase"]
[SourceQuality "1"]
[TimeControl "5400+30"]

1. d4 d5 2. c4 c6 3. cxd5 cxd5 4. Nf3 Nf6 5. Nc3 Nc6 6. Bf4 a6 7. e3 {[%emt 0:04:26] 7.Rc1 is more fashionable.} Bg4 8. Bd3 e6 9. h3 {[%emt 0:00:38] D13: Slav Defence: Exchange variation without ...Bf5.} Bh5 10. g4 Bg6 11. Bxg6 {[%emt 0:00:14] The position is equal.} hxg6 12. Ne5 {[#]} Nxe5 $146 ({Predecessor:} 12... Rc8 13. Kf1 Nxe5 14. Bxe5 Nd7 15. Bg3 Nb6 16. Rc1 Bd6 17. Ne2 Bxg3 18. Nxg3 O-O 19. h4 Rxc1 20. Qxc1 Qc8 21. Kg2 Qxc1 22. Rxc1 Rc8 {½-½ (22) Vladimirov,Y (2445)-Gavrikov,V (2365) Moscow 1981}) 13. Bxe5 Bd6 14. Bxd6 Qxd6 15. Rc1 Qb4 16. Qe2 Ne4 17. a3 Qa5 18. Kd1 Nd6 19. h4 Rc8 20. h5 Nc4 21. e4 Qb6 {[%emt 0:07:54] Black is more active.} ({Black should play} 21... dxe4 $1 $17 {White must now prevent ...Qb6.} 22. Nxe4 Qd5) 22. exd5 $11 Nxb2+ 23. Ke1 Na4 24. Rh3 gxh5 {[%emt 0:09:23] Threatening ...0-0.} 25. dxe6 O-O $36 {[%emt 0:01:04][%mdl 2048] And now ...Rfe8 would win. Black fights for an advantage.} 26. Rxh5 $2 Qxd4 $2 (26... Rxc3 $2 27. exf7+ Rxf7 28. Qe8+ Rf8 29. Rh8+ Kxh8 30. Qxf8+ Kh7 31. Qf5+ Qg6 32. Rxc3 Nxc3 33. Qe5 $19) (26... Nxc3 $19 27. Qd3 Qxe6+ 28. Re5 Na2 29. Rxc8 Qxc8) 27. Qc2 {[%emt 0:04:14][%mdl 8192] [#]} g6 (27... fxe6 $142 $1 28. Qe2 Rf7) 28. exf7+ (28. Rh3 $142) 28... Kg7 $19 ({And not} 28... Rxf7 29. Qxg6+ Qg7 30. Qg5 (30. Qxg7+ Rxg7 31. Kd2 Rxg4 $11) 30... Nxc3 31. Rxc3 Rxc3 32. Qd8+ Qf8 33. Qg5+ Qg7 34. Qd8+ Qf8 35. Qg5+ Qg7 $11) 29. Rh3 ({But not} 29. Qxa4 $2 Qxa4 30. Nxa4 Rxc1+ 31. Ke2 gxh5 $19) 29... Rxf7 {[%emt 0:00:31] Threatens to win with ...Nxc3. Chess con chili.} 30. Rd3 (30. Rd1 Re7+ 31. Kf1 Qc4+ 32. Rdd3) 30... Qxg4 $2 31. Rg3 Qe6+ 32. Kf1 Qf6 (32... Qd6 $19 {( -> ...Qxg3)} 33. Kg1 b5) 33. Rxg6+ (33. Qd2 $17) 33... Qxg6 34. Qxa4 Qd3+ {[%emt 0:01:21] Weighted Error Value: White=1.12/Black=0.51} 0-1

[Event "CCC-IM 2022"]
[Site "Ballerup"]
[Date "2022.05.25"]
[Round "1.4"]
[White "Jacobsen, Mikkel Manosri"]
[Black "Ahlander, Bjorn"]
[Result "0-1"]
[ECO "A46"]
[WhiteElo "2251"]
[BlackElo "2375"]
[Annotator "TA"]
[PlyCount "60"]
[EventDate "2022.05.25"]
[EventType "tourn"]
[EventCountry "DEN"]
[SourceTitle "playchess.com"]
[Source "ChessBase"]
[SourceQuality "1"]
[TimeControl "5400+30"]

1. d4 {[%emt 0:00:08] CB} Nf6 2. Nf3 e6 3. c4 d5 4. e3 c5 5. Nc3 Nc6 6. cxd5 exd5 7. Be2 cxd4 8. Nxd4 Bd6 9. O-O O-O 10. h3 {[%emt 0:09:33] D32: Tarrasch Defence: Sidelines and lines without g3.} a6 11. b3 Re8 12. Nf3 {[%emt 0:04:15] [#] Black has an edge.} Bb8 $146 ({Predecessor:} 12... Bf5 13. Bb2 Bc7 14. Qd2 Qd6 15. Rfd1 Rad8 16. Rac1 h5 17. Bd3 Bg4 18. hxg4 hxg4 19. g3 gxf3 20. Bf1 Bb6 21. Re1 Ng4 22. Bh3 Bxe3 23. Rxe3 Nxe3 {0-1 (23) Gretarsson,H (2561)-Steingrimsson,H (2532) Reykjavik 2015 CBM 166 Extra [CB]}) 13. Ba3 Be6 14. Rc1 Qc7 15. Re1 Ba7 16. Na4 Ne4 17. Bc5 Nxc5 18. Nxc5 Rad8 19. Nd4 {[%emt 0:10:11][%cal Oc5b7] Black should prevent Nxb7!} Bb8 20. f4 Bc8 21. Nxa6 {[%emt 0:04:27] Pair of Knights!} Qe7 22. Nxc6 (22. Bb5 $1 $11 {remains equal.} Bxf4 23. exf4 Qxe1+ 24. Qxe1 Rxe1+ 25. Rxe1 Nxd4 26. Nc7) 22... Qxe3+ $17 23. Kh1 $2 {[%emt 0:00:37] This move loses the game for White.} (23. Kf1 $17 {was the only defense.} Qxf4+ 24. Bf3 bxc6 25. Nxb8 Qxb8 26. Qd2 (26. Rxe8+ Rxe8 27. Kg1 Bd7 $17)) 23... Bxf4 $19 {[%emt 0:01:05][%cal Oe3g3] ( -> ...Qg3!)} 24. Bh5 $2 {[%emt 0:15:39] [#]} (24. Bf3 Qxc1 25. Qxc1 Bxc1 26. Rxc1 bxc6 27. Nb4) 24... Qg3 $1 25. Bxf7+ Kf8 26. Rxe8+ Rxe8 27. Qg1 {[%emt 0:00:43] Against Qh2+} Kxf7 28. Rf1 bxc6 (28... Bxh3 $142 29. Nd4 bxa6) 29. Rf3 {[%emt 0:00:22] [#]} Bxa6 $1 30. Rxg3 (30. a3 Re1) 30... Bxg3 {[%emt 0:00:12] Weighted Error Value: White=1.24/Black=0.22 (precise)} 0-1

[Event "CCC-IM 2022"]
[Site "Ballerup"]
[Date "2022.05.25"]
[Round "1.5"]
[White "Seegert, Kristian"]
[Black "Rostgaard, Tobias Valentin"]
[Result "1-0"]
[ECO "C50"]
[WhiteElo "2209"]
[BlackElo "2339"]
[Annotator "TA"]
[PlyCount "85"]
[EventDate "2022.05.25"]
[EventType "tourn"]
[EventCountry "DEN"]
[SourceTitle "playchess.com"]
[Source "ChessBase"]
[SourceQuality "1"]
[TimeControl "5400+30"]

1. e4 e5 2. Nf3 Nc6 3. Bc4 Bc5 4. O-O Nf6 5. d3 O-O 6. Bg5 h6 7. Bh4 Be7 8. c3 d6 9. Nbd2 g5 {[%emt 0:04:35][%cal Bg7g5,Bg5g4][%mdl 32] C50: Hungarian Defence and Giuoco Pianissimo.} 10. Bg3 {[%emt 0:00:10] [#]} Na5 $146 ({Predecessor:} 10... Kg7 11. d4 Nd7 12. d5 Ncb8 13. Ne1 Rh8 14. Be2 Nf6 15. Nd3 Nbd7 16. c4 Nf8 17. c5 {1-0 (45) Yankovsky,R (2455)-Bryant,J (2445) Monterey Park 2013}) 11. Bb5 g4 {[%emt 0:00:59] The position is equal.} 12. Ne1 Nh5 13. b4 Nc6 14. Nc2 Bg5 15. Nc4 Ne7 16. N4e3 c6 17. Bc4 d5 18. Bb3 Nxg3 19. hxg3 (19. fxg3 $5 a5 20. bxa5 $11 (20. Nxg4 a4 $11)) 19... f5 20. exf5 h5 21. c4 Bxf5 22. Nxf5 Rxf5 23. Ne3 Bxe3 24. fxe3 Kg7 25. Qe2 (25. cxd5 $11 cxd5 26. Kh2) 25... Qd6 (25... Qb6 $1 $15) 26. c5 $36 {[%emt 0:02:47][%mdl 2048] White has the initiative.} Qe6 27. e4 Rxf1+ 28. Rxf1 Rf8 29. Re1 $1 Ng6 {[%emt 0:00:50] [#]} 30. Qe3 (30. d4 $1 $16) 30... Qf7 (30... d4 $1 $11 31. Bxe6 dxe3) 31. d4 $16 Qf6 (31... h4 $16) 32. dxe5 $18 ({Not} 32. exd5 exd4 33. Qe2 d3 $19) 32... Nxe5 33. exd5 Re8 {[%emt 0:00:02][%cal Oe5f3] [#] Threatens to win with ...Nf3+!} 34. Qd2 $1 {[%emt 0:02:41] Black must now prevent d6.} cxd5 35. Rf1 ({Resist} 35. Bxd5 $6 Nf3+ 36. Bxf3 (36. gxf3 Rxe1+ 37. Qxe1 Qd4+ 38. Qf2 Qxd5 $16) 36... Rxe1+ 37. Qxe1 gxf3 $18) 35... Qh6 36. Qxd5 Qe3+ 37. Kh2 h4 $2 (37... Qd3 38. Qxb7+ Kh8) 38. gxh4 {[%emt 0:02:25] White is clearly winning.} Qh6 39. g3 {[%emt 0:02:14] Rf5 is the strong threat.} Qe3 40. Kg2 Kh8 41. Bc2 {[%emt 0:01:04] Strongly threatening Qd6.} Qh6 42. Qd4 Qg7 43. Rf5 {[%emt 0:00:34] Weighted Error Value: White=0.11 (very precise) /Black=0.29 (precise)} 1-0

[Event "CCC-IM 2022"]
[Site "Ballerup"]
[Date "2022.05.26"]
[Round "2.1"]
[White "Seegert, Kristian"]
[Black "Jacobsen, Mikkel Manosri"]
[Result "0-1"]
[ECO "B29"]
[WhiteElo "2209"]
[BlackElo "2251"]
[Annotator "TA"]
[PlyCount "108"]
[EventDate "2022.05.25"]
[EventType "tourn"]
[EventCountry "DEN"]
[SourceTitle "playchess.com"]
[Source "ChessBase"]
[SourceQuality "1"]
[TimeControl "5400+30"]

1. e4 c5 2. Nf3 Nf6 3. Nc3 d5 4. exd5 Nxd5 5. g3 Nc6 6. Bg2 {[%emt 0:00:28] B29: Sicilian: 2 Nf3 Nf6 (Nimzowitsch Variation).} Bg4 7. h3 Bh5 8. O-O {[%emt 0:00:21] The position is equal.} e6 9. Re1 Nf6 10. d3 Be7 11. Bf4 O-O {[%emt 0:06:36] [#]} (11... Bxf3 $5 12. Qxf3 (12. Bxf3 Qb6 $14) 12... O-O $14) 12. Qd2 $146 (12. g4 $5 Bg6 13. Ne5 $14) ({Predecessor:} 12. g4 Bg6 13. Nh4 Nd5 14. Nxg6 hxg6 15. Nxd5 exd5 16. Qf3 d4 17. a3 Rc8 18. Re2 {1-0 (44) Ribeiro,G (1563)-De Souza,E (1706) Osasco 2022}) 12... Rc8 (12... Bxf3 $5 13. Bxf3 Qb6 $11) 13. Ne5 Nd4 14. g4 Bg6 15. Nxg6 (15. a4 $14) 15... fxg6 16. Kh1 (16. Bxb7 Nd5 17. Bxd5 (17. Bxc8 $2 Nxf4 18. Re3 Qxc8 $19) 17... exd5 $17) (16. Ne4 $142) 16... Bd6 (16... Nd5 17. Nxd5 exd5 18. c3 $16 (18. Re5 Bd6 $11)) (16... h5 $5 ) 17. Bg3 (17. Bxb7 $2 Bxf4 18. Qxf4 Rb8 $19) 17... Qc7 18. Re3 Bf4 19. Ne2 (19. Bxf4 $11 Qxf4 20. Rd1 (20. Bxb7 $2 Rb8 $17)) 19... e5 $17 {[%emt 0:03:21] Black is more active.} (19... Bxe3 $2 20. fxe3 Qb6 21. exd4 $18) 20. Nc3 Rfd8 (20... Bxe3 $17 21. fxe3 Nc6) 21. Rae1 (21. Bxf4 $1 $11 {remains equal.} exf4 22. Ree1) 21... Rd7 (21... Bxe3 $17 22. fxe3 Nc6) 22. Qd1 Qb6 (22... Bxe3 $17 23. fxe3 Ne6) 23. Bxf4 exf4 24. Re5 Qxb2 25. Nd5 {[%emt 0:00:29] Threatens to win with Ne7+.} Qxc2 (25... Nxc2 $2 26. Qe2 Qd4 27. Ne7+ Kf7 28. Nxc8 $18 (28. Qxc2 Re8 $18)) 26. Ne7+ $1 {[%emt 0:00:49] [#]} Rxe7 $1 27. Rxe7 {[%emt 0:00:26] Hoping for Qxc2.} Qxf2 {[%emt 0:06:11] White must now prevent ...f3.} 28. Rf1 Qg3 29. Qe1 $1 Qxe1 (29... Qxd3 $2 30. Rxf4 Rf8 31. g5 $18) 30. Rexe1 g5 {[%emt 0:00:05] aiming for ...Rc7.} 31. Bxb7 Rc7 32. Ba6 Kf7 (32... h5 $5 ) 33. Re5 Kg6 34. Rc1 Rc6 35. Bc4 (35. Bb7 $11 Rb6 36. Ba8) 35... Rb6 ({Black should play} 35... h5 $1 $17 36. gxh5+ Kxh5) 36. Bb3 $1 $11 Nxb3 37. axb3 Rxb3 38. Rcxc5 {[%emt 0:00:11][%mdl 4096] Endgame KRR-KRN} h6 39. Re7 Rxd3 40. Kg2 (40. Kh2 $1 $11) 40... h5 $15 41. Ree5 $2 (41. gxh5+ Kxh5 42. Rce5 Rg3+ 43. Kf1 Kg6 $17) (41. Rcc7 $1 $15) 41... Rg3+ $2 ({Black should try} 41... hxg4 $19 42. hxg4 (42. Rxg5+ $2 Kh6 $19) 42... Rg3+ 43. Kf1 Rxg4) 42. Kf1 $1 Rxh3 (42... hxg4 43. hxg4 Rxg4 44. Ra5 $17) (42... Kh6 $15 43. gxh5 Kxh5) 43. Rxg5+ $11 Kh6 44. Rgf5 $2 (44. gxh5 $11 Rxh5 45. Rxh5+ Nxh5 46. Kf2) 44... Rf3+ $19 ({Inferior is} 44... hxg4 45. Rxf4 Rh1+ 46. Kg2 $11) ({Worse is} 44... Nxg4 45. Rc6+ g6 46. Rxf4 $15) 45. Kg2 {[%emt 0:00:14] Rxf6+ would kill now.} hxg4 {[%emt 0:00:16] And now ...Rg3+ would win.} 46. Rce5 Rg3+ $2 (46... Kh7 $19 {Strongly threatening ...Kh6.} 47. Ra5 Rg3+ 48. Kh2 Rh3+ 49. Kg1 f3 50. Rxa7 Kg6) 47. Kh2 $2 {[%emt 0:00:19][%mdl 8192] [#]} (47. Kf2 $11) 47... Rh3+ $1 48. Kg1 Rh5 49. Rxh5+ Nxh5 {[%emt 0:00:01] KR-KN} 50. Ra5 g6 51. Kf2 Ng3 52. Rxa7 Ne4+ 53. Ke2 f3+ 54. Ke3 {[%emt 0:00:31] [#]} f2 $1 {[%emt 0:00:15] Weighted Error Value: White=0.66/Black=0.33} 0-1

[Event "CCC-IM 2022"]
[Site "Ballerup"]
[Date "2022.05.26"]
[Round "2.2"]
[White "Ahlander, Bjorn"]
[Black "Nielsen, Thomas Bach"]
[Result "1-0"]
[ECO "A43"]
[WhiteElo "2375"]
[BlackElo "2189"]
[Annotator "TA"]
[PlyCount "73"]
[EventDate "2022.05.25"]
[EventType "tourn"]
[EventCountry "DEN"]
[SourceTitle "playchess.com"]
[Source "ChessBase"]
[SourceQuality "1"]
[TimeControl "5400+30"]

1. d4 Nf6 2. c4 c5 3. d5 d6 4. Nc3 g6 5. e4 Bg7 6. Bd3 O-O 7. h3 e6 8. Nf3 exd5 9. cxd5 Na6 10. O-O Nc7 11. Re1 $1 {[%emt 0:00:39] 11.Re1 is better than 11.a4.} a6 12. a4 b6 {[%emt 0:01:02] A70: Modern Benoni: 6 e4 g6 7 Nf3.} 13. Rb1 Rb8 14. b4 Nd7 {[%emt 0:01:41] White is better.} 15. Bg5 {[%emt 0:05:50] [#]} Bf6 $146 ({Predecessor:} 15... Qe8 16. Qd2 b5 17. Bf4 Qe7 18. axb5 axb5 19. Bc2 cxb4 20. Na2 Na6 21. Nd4 Bb7 22. Nxb4 Nxb4 23. Rxb4 {1-0 (37) Dobosz,H (2415)-Schmadlowski,C Cuxhaven 1992}) 16. Bd2 {[%emt 0:05:33] White is much more active.} (16. Bxf6 $16 Qxf6 17. e5 dxe5 18. Ne4) 16... Ne5 ({Better is} 16... cxb4 $14 17. Rxb4 Nc5) 17. Bf1 (17. Nxe5 $142 {aiming for Nc6.} Bxe5 18. bxc5 dxc5 19. f4 Bd4+ 20. Kh2) 17... Bd7 18. Nh2 cxb4 19. Rxb4 b5 20. f4 Nc4 21. Bxc4 {[%emt 0:02:31] Bd3 is the strong threat.} bxc4 22. Rxc4 Na8 {[%emt 0:01:46][%cal Bc7a8,Ba8b6,Bb6c4][%mdl 32] [#]} 23. Nf3 (23. e5 $1 $18 Nb6 24. Rd4) 23... Nb6 $14 24. Rb4 a5 25. Rb1 Nc4 26. e5 Rxb1 27. Qxb1 (27. Nxb1 $16 Be7 28. Bc3) 27... dxe5 28. fxe5 Bf5 $2 {[%emt 0:01:41] This costs Black the game.} (28... Nxd2 $11 {and Black stays safe.} 29. Nxd2 Qc7) 29. Qa2 $18 Nxd2 30. Qxd2 Bg7 31. Kh1 Re8 (31... Qb6 {was necessary.} 32. Nb5 Bc8) 32. d6 f6 (32... Bd7 $142 33. Nd5 h6) 33. Nd5 fxe5 34. Ne7+ {[%emt 0:01:06] Pair of Knights!} (34. Nc7 Rf8 35. Qd5+ Kh8 36. Nxe5 Qf6 $18) 34... Kh8 (34... Rxe7 $142 35. dxe7 Qxe7 36. Nxe5 Qb7 37. Qd8+ Bf8) 35. Nxe5 Rf8 {[%emt 0:06:05] Inhibits Nf7+.} 36. Qd5 {[%emt 0:01:00][%cal Od5g8] Threatening mate with Qg8+!} Qe8 {[%emt 0:02:18] [#]} 37. d7 $1 {[%emt 0:01:56] Weighted Error Value: White=0.19 (very precise) /Black=0.74} 1-0

[Event "CCC-IM 2022"]
[Site "Ballerup"]
[Date "2022.05.26"]
[Round "2.3"]
[White "Casper Yukun Liu"]
[Black "Kistrup, Nicolai"]
[Result "0-1"]
[ECO "C58"]
[WhiteElo "2218"]
[BlackElo "2306"]
[Annotator "TA"]
[PlyCount "70"]
[EventDate "2022.05.25"]
[EventType "tourn"]
[EventCountry "DEN"]
[SourceTitle "playchess.com"]
[Source "ChessBase"]
[SourceQuality "1"]
[TimeControl "5400+30"]

1. e4 e5 2. Nf3 Nc6 3. Bc4 Nf6 4. Ng5 d5 5. exd5 Na5 6. Bb5+ c6 7. dxc6 bxc6 8. Bd3 {[%emt 0:00:10] now scores much better than the old 8.Be2.} Nd5 {[%emt 0:00:42] C58: Two Knights: 4 Ng5 d5 5 exd5 Na5 sidelines.} 9. Nf3 (9. Qh5 g6 10. Nxf7 gxh5 $17) 9... Bd6 10. O-O O-O {[%emt 0:00:13] White is slightly better.} 11. Re1 f5 12. Nxe5 Qf6 $1 (12... Qh4 13. Bf1 $18) 13. Nf3 g5 $1 14. c4 Nf4 15. Bf1 g4 {[%emt 0:00:12] [#]} 16. d4 $1 {[%emt 0:00:03] Hoping for Ne5.} gxf3 17. Qxf3 Ne6 $132 {[%emt 0:00:20][%mdl 2048] Black is not holding back} (17... Qxd4 18. Rd1 Nh3+ 19. gxh3 $16) 18. Qc3 Nxd4 {[%emt 0:00:26] White must now prevent ...Nb7.} 19. c5 Bc7 {[%emt 0:00:25] [#]} 20. f4 $146 (20. b4 $11) ({Predecessor:} 20. b4 Rb8 21. bxa5 Be6 22. Bc4 Bxc4 23. Qxc4+ Rf7 24. Nd2 Rd8 25. Bb2 Qh4 26. Bxd4 Rxd4 {1-0 (46) Erigaisi,A (2633)-Gupta,A (2628) Kanpur 2022}) 20... Rb8 (20... Nb7 $17 {[%cal Ob7c5] Strongly threatening ...Nxc5!} 21. b4 Ne6) 21. b4 $11 Be6 22. Bb2 {[%emt 0:02:58] And now Na3 would win.} Rfd8 $1 23. Na3 $1 {[%emt 0:16:39] Threatens to win with Nc2.} Bxf4 24. Nc2 Qh4 25. g3 $16 Bd2 {[%emt 0:02:02] [#]} 26. Qxd4 (26. gxh4 Bxc3 27. Bxc3 Nxc2 $11) (26. Nxd4 $1 $14 {stays ahead.} Bxc3 27. Bxc3 Qxd4+ 28. Bxd4 Rxd4 29. Rxe6 Rbxb4 30. Rae1) 26... Rxd4 $17 27. gxh4 Rg4+ 28. Kf2 (28. Bg2 $17 Bxe1 29. Rxe1) 28... Rf4+ $1 $19 {[%emt 0:03:52][%mdl 1024] Black has strong compensation.} ({Inferior is} 28... Bxe1+ 29. Rxe1 Nc4 30. Bf6 $15 (30. Rxe6 Rf4+ 31. Kg1 Nxb2 $17)) 29. Kg3 $2 {[%emt 0:00:28] [#]} (29. Kg1 {was the only chance.} Bxe1 30. Rxe1) 29... Kf7 $1 {[%emt 0:02:46] Really sharp!} ({Stronger than} 29... Rg4+ 30. Kh3 Bxe1 31. Rxe1 $17) 30. Be2 (30. Re3 $142 Bxe3 31. Nxe3) 30... Rg8+ {[%emt 0:00:30] Black is clearly winning.} 31. Kh3 {[%emt 0:00:01] [#]} Re4 $1 32. Bh5+ (32. Rg1 Rxe2) 32... Ke7 {[%emt 0:00:18] ( -> ...f4+)} 33. Rg1 f4+ 34. Bg4 {[%emt 0:00:01] [#]} Rxg4 $1 35. Rxg4 {[%emt 0:00:02] [#]} f3 $1 {[%emt 0:01:34] Weighted Error Value: White=0.57/Black=0.20 (precise)} 0-1

[Event "CCC-IM 2022"]
[Site "Ballerup"]
[Date "2022.05.26"]
[Round "2.4"]
[White "Brynell, Stellan"]
[Black "Sahl, Bjarke"]
[Result "1/2-1/2"]
[ECO "E69"]
[WhiteElo "2401"]
[BlackElo "2312"]
[Annotator "TA"]
[PlyCount "53"]
[EventDate "2022.05.25"]
[EventType "tourn"]
[EventCountry "DEN"]
[SourceTitle "playchess.com"]
[Source "ChessBase"]
[SourceQuality "1"]
[TimeControl "5400+30"]

1. d4 Nf6 2. Nf3 d6 3. c4 g6 4. g3 Bg7 5. Bg2 O-O 6. Nc3 Nbd7 7. O-O c6 8. e4 e5 9. h3 Re8 10. Re1 a6 11. a4 {[%emt 0:11:51] E69: King's Indian: Fianchetto: 6...Nbd7 7 0-0 e5 8 e4 c6 9 h3.} exd4 12. Nxd4 a5 13. Be3 Nc5 14. Qc2 Qe7 15. Rad1 Nfd7 ({Less strong is} 15... Nfxe4 16. Bxe4 Nxe4 17. Nxe4 Qxe4 18. Bd2 $16) (15... Ncxe4 $2 16. Bc1 $18) 16. f4 Na6 17. Nb3 {[%emt 0:12:54] [#]} h5 $146 (17... Ndc5 $11 18. Nxc5 Nxc5) ({Predecessor:} 17... Ndc5 18. Nxc5 Nxc5 19. Bd4 {½-½ (19) Toth,B (2352)-Genzling,A (2390) Baden 2014}) 18. Qd2 {[%emt 0:01:17] White is more active.} ({Much worse is} 18. Nxa5 $6 Ndc5 19. Na2 f5 $11) ({White should play} 18. Qf2 $16) 18... Nac5 $11 19. Nxc5 Nxc5 20. Bxc5 (20. Qf2 $5 ) 20... dxc5 21. e5 Bf5 22. Qf2 Red8 23. Kh2 Bd3 {[%emt 0:17:50] [#]} (23... Rxd1 $11 24. Rxd1 Rd8) 24. Bf1 (24. Nd5 $1 $14 cxd5 25. Rxd3 dxc4 26. Rd5) 24... Bf5 25. Bg2 Bd3 {[%emt 0:00:13] [#]} (25... Rxd1 $11 26. Rxd1 Rd8) 26. Bf1 (26. Nd5 $1 $14 cxd5 27. Rxd3 dxc4 28. Rd5) 26... Bf5 27. Bg2 {[%emt 0:03:40] Weighted Error Value: White=0.17 (very precise) /Black=0.16 (very precise)} 1/2-1/2